 Dungeon Crawl Stone Soup version 0.30-a0-743-gbfdf073431 (webtiles) character file.

Game seed: 342754295212626397

103 Newt the Trooper (level 4, 0/37 HPs)
             Began as a Demonspawn Gladiator on Feb 6, 2023.
             Slain by an orc priest
             ... wielding a +0 flail
              (6 damage)
             ... on level 3 of the Dungeon.
             The game lasted 00:02:45 (2172 turns).

Newt the Trooper (Demonspawn Gladiator)             Turns: 2172, Time: 00:02:46

Health: 0/37       AC:  4    Str: 17    XL:     4   Next: 51%
Magic:  4/4        EV: 11    Int:  9    God:
Gold:   165        SH:  8    Dex: 14    Spells: 3/3 levels left

rFire   . . .      SeeInvis .    a - +0 rapier
rCold   . . .      Faith    .    g - +0 buckler
rNeg    . . .      Spirit   .    b - +0 leather armour
rPois   .          Reflect  +    c - +0 helmet
rElec   .          Harm     .    (no cloak)
rCorr   .          Rampage  .    (no gloves)
Will    .....                    (no boots)
Stlth   ++                       h - amulet of reflection
HPRegen 0.26/turn                (no ring)
MPRegen 0.09/turn                (no ring)

@: no status effects
A: powered by death 1
a: no special abilities


You were on level 3 of the Dungeon.
You visited 1 branch of the dungeon, and saw 3 of its levels.

You collected 165 gold pieces.

Inventory:

Hand Weapons
 a - a +0 rapier (weapon)
Missiles
 d - 2 throwing nets (quivered)
 m - 6 poisoned darts
Armour
 b - a +0 leather armour (worn)
 c - a +0 helmet (worn)
 g - a +0 buckler (worn)
Jewellery
 h - an amulet of reflection (around neck)
Scrolls
 k - a scroll of enchant weapon
 n - 3 scrolls of fog
Potions
 i - a potion of ambrosia
 j - a potion of mutation


   Skills:
 - Level 4.0 Fighting
 + Level 3.2 Short Blades
 - Level 1.7 Throwing
 - Level 2.6 Dodging
 - Level 1.5 Stealth


You had 3 spell levels left.
You didn't know any spells.
Your spell library was empty.

Dungeon Overview and Level Annotations

Branches:
Dungeon (3/15)

Altars:
Cheibriados
Ru

Shops:
D:2 (


Innate Abilities, Weirdness & Mutations

You regenerate a little health from kills.


Message History

The silver javelin closely misses the orc.
The silver javelin pierces through the orc.
The orc is heavily wounded.
The silver javelin pierces through the orc priest.
The orc priest is moderately wounded.
You block the orc's attack.
The orc priest calls upon Beogh to heal the orc priest.
The orc priest's wounds heal themselves!
The orc priest calls upon Beogh to heal the orc.
The orc's wounds heal themselves!
The orc barely misses you.
Throw: javelin (silver)
Press: ? - help, Shift-Dir - straight line, p - orc priest You throw a silver javelin.
The silver javelin pierces through the orc!
You kill the orc!
The silver javelin closely misses the orc priest.
Throw: javelin
Press: ? - help, Shift-Dir - straight line, f - orc priest
Aim: an orc priest, wielding a +0 dagger of pain (60% to hit)
You throw a javelin.
The javelin pierces through the orc priest but does no damage.
The javelin pierces through the orc.
The orc is heavily wounded.
The javelin closely misses the orc priest.
The orc priest calls down the wrath of Beogh upon you.
You barely resist.
The orc priest calls down the wrath of Beogh upon you.
Pain shoots through your body!
You barely miss the orc priest.
The orc priest calls down the wrath of Beogh upon you.
Beogh smites you!
You hit the orc priest.
The orc priest is heavily wounded.
The orc priest calls down the wrath of Beogh upon you.
Beogh smites you!
* * * LOW HITPOINT WARNING * * *
Okay, then.
The orc priest attacks as you move away!
The orc priest hits you with a +0 flail.
You die...

....# ##..#### #.....#.#
# ....#####....##
#.....'.# ....#.........#
###^....###
....#..÷......###.'.....#
#..÷..........#.....#
#..........####.....#
#..........####.....#
#........>...##.....#
#....)...###@########
#........# #o#########
#........###oo........
#......)..<)o........$
#........###..........
#........# #?.........
#........# #..........
>.###.##### #(..(......
##. #.# #....#...#.


You could see 2 orc priests and 2 orcs.

Vanquished Creatures
  Jessica (D:3)
  An adder (D:2)
  2 worms (D:2)
  A dart slug (D:2)
  An orc (D:3)
  6 ball pythons
  6 bats
  2 endoplasms
  5 giant cockroaches
  A goblin (D:3)
  6 hobgoblins
  5 jackals
  8 kobolds
  2 quokkas
  3 frilled lizards
  8 rats
58 creatures vanquished.

Notes
Turn   | Place    | Note
-------+----------+-------------------------------------------
     0 | D:1      | Newt the Demonspawn Gladiator began the quest for the Orb.
     0 | D:1      | Reached XP level 1. HP: 16/16 MP: 1/1
    45 | D:1      | Reached skill level 1 in Stealth
   142 | D:1      | Gained mutation: You regenerate a little health from kills.
                  | [demonic ancestry]
   142 | D:1      | Reached XP level 2. HP: 22/22 MP: 2/2
   902 | D:2      | Found a faded altar of an unknown god.
   920 | D:2      | Reached skill level 3 in Fighting
   973 | D:2      | Reached XP level 3. HP: 24/29 MP: 3/3
  1253 | D:2      | Found a snail-covered altar of Cheibriados.
  1385 | D:2      | Found Fedyesuy's Antique Weapon Shoppe.
  1918 | D:3      | Noticed Jessica
  1931 | D:3      | Killed Jessica
  1932 | D:3      | Reached skill level 4 in Fighting
  1932 | D:3      | Reached XP level 4. HP: 31/37 MP: 4/4
  2086 | D:3      | Found a sacrificial altar of Ru.
  2172 | D:3      | Slain by an orc priest

Illustrated notes

Levels and vault maps discovered:
D:1:      nicolae_arrival_washed_ashore, layout_basic
D:2:      layout_loops_ring, serial_shops, shop, basic_altar,
          nicolae_ecumenical_pavilion
D:3:      layout_basic, nicolae_gozag_cash_rules_everything_around_me,
          lemuel_crystal_altar, nicolae_underground_beach, uniq_jessica

Skill      XL: |  1  2  3 |
---------------+----------+-----
Stealth        | 1 |  1.5
Fighting       | 3 4 |  4.0
Short Blades   | 3 |  3.2
Throwing       | |  1.7
Dodging        | |  2.6

Action                     |  1- 3 |  4- 6 || total
---------------------------+-------+-------++-------
  Melee: Rapier            |   157 |    27 ||   184
         Punch             |     2 |       ||     2
  Throw: Throwing net      |     2 |       ||     2
         Javelin           |     1 |     3 ||     4
    Use: Scroll            |     3 |     4 ||     7
         Potion            |     1 |       ||     1
   Stab: Sleeping          |     4 |     2 ||     6
         Held in net/web   |     3 |       ||     3
 Armour: Leather armour    |    43 |     3 ||    46
  Dodge: Dodged            |   100 |    14 ||   114
  Block: Other             |    11 |       ||    11
         Buckler           |    30 |    15 ||    45
         Reflection        |     1 |       ||     1

Table legend: (Time is in decaauts)
 A = Elapsed time spent in this place.
 B = Non-inter-level travel time spent in this place.
 C = Inter-level travel time spent in this place.
 D = Time resting spent in this place.
 E = Time spent auto-exploring this place.
 F = Levels seen in this place.
 G = Mean time per level.
                   A        B        C        D        E       F      G
               +--------+--------+--------+--------+--------+-----+--------+
         Total |   2195 |   2141 |     54 |    160 |   1531 |   3 |  731.7 |
       Dungeon |   2195 |   2141 |     54 |    160 |   1531 |   3 |  731.7 |
               +--------+--------+--------+--------+--------+-----+--------+

Top non-repeatable levels by time:
     D:2: 989 daAuts
     D:1: 906 daAuts
     D:3: 299 daAuts
